 Dungeon Crawl Stone Soup version 0.28.0-49-g6dfe1f597d (webtiles) character file.

Game seed: 11805616878773053026

310 Eitelfritz the Chopper (level 6, 0/52 HPs)
             Began as a Minotaur Gladiator on May 14, 2022.
             Slain by a gnoll
             ... wielding a +0 club
              (3 damage)
             ... on level 4 of the Dungeon.
             The game lasted 00:06:19 (3153 turns).

Eitelfritz the Chopper (Minotaur Gladiator)         Turns: 3153, Time: 00:06:20

Health: 0/52       AC:  5    Str: 18    XL:     6   Next: 17%
Magic:  5/5        EV: 13    Int:  7    God:
Gold:   91         SH:  0    Dex: 12    Spells: 5/5 levels left

rFire   . . .      SeeInvis +   f - +0 war axe
rCold   . . .      Faith    .   (no shield)
rNeg    + . .      Spirit   .   b - +0 leather armour
rPois   .          Reflect  .   c - +0 hat
rElec   .          Harm     .   (no cloak)
rCorr   .          Rampage  .   (no gloves)
Will    .....                   i - +1 pair of boots
Stlth   +.........              (no amulet)
HPRegen 0.17/turn               e - ring of positive energy
MPRegen 0.09/turn               j - ring of see invisible

@: mighty
A: horns 2, retaliatory headbutt
a: no special abilities


You were on level 4 of the Dungeon.
You visited 1 branch of the dungeon, and saw 4 of its levels.

You collected 91 gold pieces.

Inventory:

Hand Weapons
 a - the +2 scimitar of Utsuqaosk {holy, rPois rF+}
   (You found it on level 4 of the Dungeon)

   It has been blessed by the Shining One to cause great damage to the undead
   and demons.
   rF:        It protects you from fire.
   rPois:     It protects you from poison.
 f - a +0 war axe (weapon)
Missiles
 d - 3 throwing nets (quivered)
 l - 14 poisoned darts
 s - 2 curare-tipped darts
Armour
 b - a +0 leather armour (worn)
 c - a +0 hat (worn)
 i - a +1 pair of boots (worn)
 q - a +0 chain mail
 t - an orb of mayhem
 u - a +0 kite shield
Jewellery
 e - a ring of positive energy (left hand)
 j - a ring of see invisible (right hand)
Scrolls
 k - a scroll of teleportation
 m - a scroll of acquirement {unknown}
Potions
 g - a potion of attraction
 h - 2 potions of might
 o - a potion of heal wounds {unknown}
 r - a potion of ambrosia {unknown}


   Skills:
 + Level 3.7 Fighting
 + Level 0.5 Long Blades
 + Level 6.5 Axes
 + Level 2.1 Throwing
 + Level 2.5 Armour
 + Level 4.2 Dodging
 + Level 0.3 Stealth


You had 5 spell levels left.
You didn't know any spells.
Your spell library was empty.

Dungeon Overview and Level Annotations

Branches:
Dungeon (4/15)
 Temple: D:4-7

Altars:
Wu Jian

Shops:
D:4 ([


Innate Abilities, Weirdness & Mutations

You have a pair of horns on your head.
You reflexively headbutt those who attack you in melee.


Message History

The gnoll shaman is severely wounded.
You closely miss the hobgoblin. The gnoll shaman barely misses you.
A gnoll comes into view. It is wielding a +0 halberd.
The hobgoblin barely misses you.
A gnoll comes into view. It is wielding a +0 whip.
Unknown command.
You barely miss the gnoll shaman.
The gnoll shaman is severely wounded.
You closely miss the hobgoblin. You closely miss the gnoll.
The gnoll shouts!
The gnoll shaman calls upon its god to speed up the gnoll.
The gnoll seems to speed up.
The gnoll hits you with a +0 club.
* * * LOW HITPOINT WARNING * * *
The hobgoblin hits you but does no damage.
A gnoll comes into view. It is wielding a +0 halberd.
The gnoll shaman hits you with a +0 club.
* * * LOW HITPOINT WARNING * * *
You slash the gnoll shaman!
You kill the gnoll shaman!
You slash the hobgoblin!
You kill the hobgoblin!
You hit the gnoll. The gnoll completely misses you.
The gnoll hits you but does no damage. The gnoll completely misses you.
Unknown command.
You feel very mighty all of a sudden. The gnoll completely misses you.
The gnoll hits you with a +0 club.
* * * LOW HITPOINT WARNING * * *
The gnoll hits you with a +0 club.
* * * LOW HITPOINT WARNING * * *
You closely miss the gnoll. You headbutt the gnoll.
The gnoll is heavily wounded.
You hit the gnoll but do no damage. The gnoll closely misses you.
The gnoll barely misses you. You furiously retaliate!
You headbutt the gnoll!
You kill the gnoll!
The gnoll barely misses you.
You slice the gnoll!!
You kill the gnoll!
You hit the gnoll. You barely miss the kobold.
The gnoll hits you with a +0 club.
You die...

. ## . .###.
#...####
#....#.###.
#.gg..# .$#
#.)g.#....#.
##@).#.. ..#
#K###.# ...
#.....#$..###..
#. ...
..#....#g...#.#
#.# #.#
##...#..>..#
..# #.#
#.###.#.g..#...
###.# #.#
..###...#..
..#..# #.#...
#.###.# ...#..#
#
#..)..#...###..
#..##


You could see 3 gnolls and a kobold.

Vanquished Creatures
  An orc priest (D:4)
  A gnoll shaman (D:4)
  An orc wizard (D:3)
  Natasha (thrice) (D:3)
  An iguana (D:3)
  4 gnolls (D:4)
  2 adders
  A dart slug (D:2)
  5 orcs
  7 ball pythons
  4 endoplasms
  7 giant cockroaches
  8 goblins
  8 hobgoblins
  6 jackals
  A quokka (D:1)
  2 bats (D:1)
  2 frilled lizards
  5 kobolds
  4 rats
73 creatures vanquished.

Notes
Turn   | Place    | Note
-------+----------+-------------------------------------------
     0 | D:1      | Eitelfritz the Minotaur Gladiator began the quest for the
                  | Orb.
     0 | D:1      | Reached XP level 1. HP: 18/18 MP: 0/0
   146 | D:1      | Reached XP level 2. HP: 23/25 MP: 1/1
   359 | D:1      | Reached skill level 4 in Axes
   793 | D:2      | Reached XP level 3. HP: 28/30 MP: 2/2
   937 | D:2      | Found a faded altar of an unknown god.
  1420 | D:3      | Reached skill level 1 in Armour
  1613 | D:3      | Noticed Natasha
  1623 | D:3      | Killed Natasha
  1624 | D:3      | Reached skill level 5 in Axes
  1624 | D:3      | Reached XP level 4. HP: 23/38 MP: 3/3
  1899 | D:3      | Reached XP level 5. HP: 23/45 MP: 4/4
  1905 | D:3      | Noticed Natasha
  1910 | D:3      | Killed Natasha
  2316 | D:3      | Found an ornate altar of the Wu Jian Council.
  2434 | D:3      | Noticed Natasha
  2438 | D:3      | Killed Natasha
  2439 | D:3      | Reached skill level 6 in Axes
  2994 | D:4      | Identified the +2 scimitar of Utsuqaosk {holy, rPois rF+}
  3002 | D:4      | Found Oppiefun's Armour Emporium.
  3012 | D:4      | Found Orosk's Weapon Boutique.
  3148 | D:4      | Reached XP level 6. HP: 12/52 MP: 5/5
  3153 | D:4      | Slain by a gnoll

Illustrated notes

Levels and vault maps discovered:
D:1:      sevenhm_arrival_forest_fort_small_4, layout_basic
D:2:      layout_rooms, hellmonk_ecumenical_altar_heavens_door
D:3:      layout_basic, mainiacjoe_overflow_24_doors, uniq_natasha
D:4:      nicolae_BIG_FREAKIN_CUBE, layout_basic,
          nicolae_sif_muna_little_library, serial_shops, kennysheep_mini,
          nicolae_stop_n_shop_1, shop, enter_ossuary_2,
          hangedman_abyss_or_decor_stabs

Skill      XL: |  1  2  3  4  5 |
---------------+----------------+-----
Axes           | 4 5 6 |  6.5
Dodging        | 4 |  4.2
Fighting       | 3 |  3.7
Armour         | 1 2 |  2.5
Long Blades    | |  0.5
Throwing       | |  2.1
Stealth        | |  0.3

Action                   |  1- 3 |  4- 6 || total
-------------------------+-------+-------++-------
Melee: War axe           |    94 |    49 ||   143
       Headbutt          |     9 |     7 ||    16
       Scimitar          |       |    10 ||    10
  Use: Scroll            |       |     6 ||     6
       Potion            |       |     1 ||     1
Armor: Leather armour    |    33 |    11 ||    44
Dodge: Dodged            |    75 |    44 ||   119
